 Dungeon Crawl Stone Soup version 0.20-a0-848-g73d9be0 (console) character file.

46211 nht the Deadly Accurate (level 14, -8/140 HPs)
             Began as an Ogre Hunter on Mar 9, 2017.
             Was the Champion of Okawaru.
             Mangled by a tyrant leech (24 damage)
             ... on level 6 of the Lair of Beasts.
             The game lasted 00:38:48 (17914 turns).

nht the Deadly Accurate (Ogre Hunter)              Turns: 17914, Time: 00:38:49

Health: -8/140     AC: 14    Str: 24    XL:     14   Next: 36%
Magic:  19/19      EV:  8    Int: 20    God:    Okawaru [******]
Gold:   807        SH:  0    Dex:  9    Spells: 13/13 levels left

rFire    + . .     SeeInvis +   Y - +11 fustibalus {venom, *Contam Int+4 Stlth+}
rCold    + . .     Gourm    .   q - +1 pearl dragon scales
rNeg     + . .     Faith    .   (no shield)
rPois    .         Spirit   .   Z - +2 hat {SInv}
rElec    .         Reflect  .   t - scarf {rC+ rF+}
rCorr    .         Harm     .   (gloves unavailable)
MR       +....                  (boots unavailable)
Stlth    +.........             B - amulet of regeneration
Regen    0.8/turn               z - +4 ring of slaying
MPRegen  0.2/turn               O - +5 ring of strength

@: about to teleport
A: unfitting armour, tough skin 1
a: Heroism, Finesse, Renounce Religion


You were on level 6 of the Lair of Beasts.
You worshipped Okawaru.
Okawaru was exalted by your worship.
You were not hungry.

You visited 2 branches of the dungeon, and saw 16 of its levels.
You also visited: Sewer.

You collected 807 gold pieces.

Inventory:

Hand Weapons
 l - a +3 flail of protection
 v - a +2 flail of draining
 Y - the +11 fustibalus of Giulaula (weapon) {venom, *Contam Int+4 Stlth+}
   (Okawaru gifted it to you on level 1 of the Lair of Beasts)

   It poisons the ammo it fires.
   It affects your intelligence (+4).
   It causes magical contamination when unequipped.
   It makes you more stealthy.
Missiles
 m - 254 stones (quivered)
 y - 18 large rocks
 C - 5 tomahawks
 G - 134 sling bullets
 K - 7 poisoned tomahawks
 M - 8 silver javelins
Armour
 q - +1 pearl dragon scales (worn)
 t - a scarf of resistance (worn)
 Z - a +2 hat of see invisible (worn)
Jewellery
 o - an uncursed ring of wizardry
 z - a +4 ring of slaying (right hand)
 B - an amulet of regeneration (around neck)
 O - a +5 ring of strength (left hand)
 T - a cursed ring of loudness {unknown}
Wands
 a - a wand of paralysis (15/24)
 E - a wand of confusion (25/48)
 I - a wand of digging (10/24)
 S - a wand of enslavement (8/24)
 V - a wand of enslavement (17/24)
Scrolls
 c - 4 scrolls of recharging
 e - 3 scrolls of teleportation
 u - 2 scrolls of enchant weapon
 w - 11 scrolls of identify
 H - 2 scrolls of amnesia
 J - 3 scrolls of enchant armour
 N - 4 scrolls of magic mapping
 P - 3 scrolls of remove curse
 R - 4 scrolls of immolation
Potions
 b - 3 potions of mutation
 d - 5 potions of cancellation
 h - 5 potions of agility
 i - 12 potions of curing
 k - 3 potions of might
 p - 2 potions of magic
 r - 3 potions of heal wounds
 s - 2 potions of haste
 x - 2 potions of brilliance
 A - 2 potions of invisibility
 D - 3 potions of lignification
 L - a potion of resistance
 Q - 4 potions of flight
 W - 2 potions of berserk rage
Books
 U - a book of Minor Magic

   Spells                             Type                      Level
   a - Magic Dart                     Conjuration                  1
   b - Blink                          Translocation                2
   c - Call Imp                       Summoning                    2
   d - Slow                           Hexes                        2
   e - Conjure Flame                  Conjuration/Fire             3
   f - Mephitic Cloud                 Conjuration/Poison/Air       3
Comestibles
 f - 6 bread rations
 g - 11 royal jellies
 j - 34 fruits
 n - 9 meat rations
 F - 12 chunks of flesh


   Skills:
 - Level 9.3 Fighting
 - Level 11.4 Maces & Flails
 + Level 18.1 Throwing
 - Level 1.7 Dodging
 - Level 0.6 Stealth
 - Level 7.4 Invocations


You had 13 spell levels left.
You didn't know any spells.

Dungeon Overview and Level Annotations

Branches:
Dungeon (10/15)            Temple (0/1) D:4            Lair (6/6) D:9
  Swamp (0/4) Lair:3       Spider (0/4) Lair:2        Slime (0/5) Lair:5
    Orc: D:9-12

Altars:
Ashenzari
Cheibriados
Elyvilon
Fedhas
Gozag
Hepliaklqana
Kikubaaqudgha
Makhleb
Okawaru
Qazlal
Sif Muna
Vehumet
Xom
Yredelemnul
Zin

Annotations:
D:5 exclusion: statue
Lair:3 exclusion: oklob plant


Innate Abilities, Weirdness & Mutations

You are too large for most types of armour.
You have tough skin. (AC +1)


Message History

Aim: a tyrant leech (moderately wounded, poisoned)
You shoot a stone. The stone hits the tyrant leech!
The tyrant leech looks as sick as possible!
The tyrant leech is severely wounded.
You hear a splash.
Firing (i - inventory. (,) - cycle):
m - 255 stones (quivered)
Press: ? - help, Shift-Dir - straight line, f/p - tyrant leech
Aim: a tyrant leech (severely wounded, poisoned)
You shoot a stone.
The stone closely misses the tyrant leech.
You hear a splash.
The tyrant leech bites you!!
* * * LOW HITPOINT WARNING * * *
The tyrant leech draws strength from your injuries!
A vampire mosquito comes into view.
The vampire mosquito buzzes angrily.
You see here a stone.
As you read the scroll of teleportation, it crumbles to dust.
You feel strangely unstable. The tyrant leech bites you!!
You die...

..█ .██ ≈P≈≈≈≈P≈≈≈≈≈≈
..██ P≈≈≈≈≈≈≈P≈≈≈██ ...█
≈≈≈P≈≈≈≈≈≈≈P≈█ ...█ ≈≈
≈≈≈≈≈≈≈≈≈≈█ ...████.P≈
≈≈≈≈≈≈.≈.█ ...[..█.≈P
█≈≈≈.PPP██ ......≈P≈≈≈≈
█≈≈.(PPPP█ ........≈≈≈≈
█≈≈@≈P)?P█
........≈.█████wPP$y[P≈≈
......P.P≈≈██≈≈≈(($[(≈P≈
....P...≈≈≈█≈≈≈≈█≈()P≈.≈
..÷......≈P≈≈≈≈≈█≈≈(≈.≈≈
..÷...≈..≈P≈≈P≈≈██≈≈.≈P≈
........≈≈≈≈≈≈≈.█ .≈≈≈≈P
.......≈..≈≈≈≈≈.█ ≈≈P≈≈≈
██.÷.÷÷...≈P≈≈≈██ ≈≈≈≈


You could see a tyrant leech and a vampire mosquito.

Vanquished Creatures
  Gastronok (Lair:1)
  6 hydras
  A two-headed ogre (D:10)
  4 death yaks
  16 elephants
  Joseph (D:9)
  Maurice (D:8)
  17 spiny frogs
  3 rime drakes
  7 komodo dragons
  2 jumping spiders (Lair:2)
  2 hornets (D:9)
  2 tyrant leeches (Lair:6)
  Grinder (D:5)
  2 polar bears
  A slime creature (Lair:5)
  6 dream sheep
  11 hippogriffs
  29 blink frogs
  21 yaks
  A redback (Lair:2)
  2 wyverns
  A hungry ghost (D:9)
  5 vampire mosquitoes (Lair:6)
  2 basilisks
  8 water moccasins
  Duvessa (D:4)
  12 porcupines
  A swamp drake (Lair:3)
  2 ice beasts
  A sky beast (D:8)
  2 orc warriors
  A necrophage (D:9)
  6 centaurs
  11 wolves
  2 ogres
  12 crocodiles
  4 big kobolds
  Blork the orc (D:5)
  24 bullfrogs
  A wyvern zombie (D:9)
  Dowan (D:4)
  2 scorpions
  A water moccasin skeleton (D:8)
  4 killer bees (D:8)
  2 howler monkeys
  A bullfrog zombie (D:10)
  3 crimson imps
  A quasit (D:7)
  8 orc priests
  6 jellies
  Crazy Yiuf (D:5)
  3 bullfrog skeletons
  3 hounds
  8 orc wizards
  A centaur skeleton (D:7)
  3 iguanas
  10 worker ants
  A killer bee zombie (D:5)
  2 hound skeletons
  Robin (D:2)
  A howler monkey zombie (D:9)
  6 gnolls
  A howler monkey skeleton (D:4)
  21 adders
  2 oozes (D:3)
  2 adder zombies
  4 worms
  A dart slug (D:1)
  8 leopard geckos
  30 orcs
  8 bats
  14 giant cockroaches
  12 goblins
  8 hobgoblins
  7 jackals
  6 quokkas
  8 ball pythons
  10 frilled lizards
  14 kobolds
  3 leopard gecko skeletons
  A quokka skeleton (D:4)
  6 rats
469 creatures vanquished.

Vanquished Creatures (others)
  A yak (Lair:5)
  2 fungi
  20 plants
  15 toadstools (Lair:3)
38 creatures vanquished.

Grand Total: 507 creatures vanquished

Notes
Turn   | Place    | Note
-------+----------+-------------------------------------------
     0 | D:1      | nht the Ogre Hunter began the quest for the Orb.
     0 | D:1      | Reached XP level 1. HP: 22/22 MP: 1/1
   326 | D:1      | Reached XP level 2. HP: 29/29 MP: 2/2
   868 | D:2      | Reached skill level 5 in Throwing
   868 | D:2      | Reached XP level 3. HP: 36/36 MP: 3/3
  1077 | D:2      | Reached XP level 4. HP: 39/44 MP: 4/4
  1143 | D:2      | Noticed Robin
  1297 | D:3      | Found a glowing drain.
  1342 | D:3      | Reached skill level 6 in Throwing
  1356 | Sewer    | Entered a sewer
  1437 | Sewer    | Reached XP level 5. HP: 42/50 MP: 5/5
  2058 | D:3      | Found a hazy altar of Hepliaklqana.
  2058 | D:3      | Found a blossoming altar of Fedhas.
  2104 | D:3      | Reached skill level 7 in Throwing
  2128 | D:3      | Reached XP level 6. HP: 23/59 MP: 6/6
  3018 | D:2      | Killed Robin
  4000 | D:3      | Found a burning altar of Makhleb.
  4003 | D:3      | Found a glowing silver altar of Zin.
  4003 | D:3      | Noticed an angel
  4005 | D:3      | Noticed an Executioner
  4218 | D:3      | Found a snail-covered altar of Cheibriados.
  4290 | D:4      | Noticed Duvessa
  4290 | D:4      | Noticed Dowan
  4334 | D:3      | Reached skill level 8 in Throwing
  4577 | D:4      | Killed Duvessa
  4577 | D:4      | Reached XP level 7. HP: 56/66 MP: 7/7
  4584 | D:4      | Killed Dowan
  4676 | D:4      | Found an iron altar of Okawaru.
  4682 | D:4      | Became a worshipper of Warmaster Okawaru
  4688 | D:4      | Got a translucent hunting sling
  4689 | D:4      | Identified the cursed +0 hunting sling "Mupowoh" {freeze, *Drain rF+ rC+ rN+} (You found it on level 4 of the Dungeon)
  4816 | D:4      | Reached skill level 9 in Throwing
  4919 | D:4      | Found a staircase to the Ecumenical Temple.
  4921 | D:4      | Found a faded altar of an unknown god.
  5025 | D:4      | Found a shimmering altar of Xom.
  5510 | D:5      | Entered Level 5 of the Dungeon
  5518 | D:5      | Reached XP level 8. HP: 58/74 MP: 8/8
  5532 | D:5      | Noticed Blork the orc
  5546 | D:5      | Killed Blork the orc
  5546 | D:5      | Reached * piety under Okawaru
  5546 | D:5      | Reached skill level 10 in Throwing
  5796 | D:5      | Found an iron altar of Okawaru.
  5876 | D:5      | Reached skill level 1 in Maces & Flails
  6070 | D:5      | Found a stormy altar of Qazlal.
  6213 | D:5      | Found a radiant altar of Vehumet.
  6386 | D:5      | Noticed Grinder
  6402 | D:5      | Killed Grinder
  6429 | D:5      | Found a runed door.
  6660 | D:5      | Reached ** piety under Okawaru
  6714 | D:5      | Noticed Crazy Yiuf
  6720 | D:5      | Killed Crazy Yiuf
  6924 | D:6      | Found a deep blue altar of Sif Muna.
  7035 | D:6      | Reached skill level 5 in Maces & Flails
  7049 | D:6      | Reached XP level 9. HP: 64/80 MP: 9/9
  8219 | D:7      | Found a white marble altar of Elyvilon.
  8757 | D:8      | Reached *** piety under Okawaru
  9072 | D:8      | Received a gift from Okawaru
  9134 | D:8      | Noticed Maurice
  9144 | D:8      | Killed Maurice
  9144 | D:8      | Reached XP level 10. HP: 78/88 MP: 10/10
  9200 | D:8      | Found a shattered altar of Ashenzari.
  9619 | D:9      | Paralysed by a hornet for 2 turns
  9669 | D:9      | Found a basalt altar of Yredelemnul.
  9713 | D:9      | Noticed an elephant
  9730 | D:9      | Reached **** piety under Okawaru
  9735 | D:9      | Killed an elephant
  9735 | D:9      | Reached skill level 10 in Maces & Flails
  9735 | D:9      | Reached skill level 1 in Invocations
  9831 | D:9      | Received a gift from Okawaru
  9835 | D:9      | Found a staircase to the Lair.
 10099 | D:9      | Reached skill level 5 in Fighting
 10498 | D:9      | Noticed Joseph
 10505 | D:9      | Killed Joseph
 10505 | D:9      | Received a gift from Okawaru
 10517 | D:9      | Reached ***** piety under Okawaru
 10548 | D:10     | Entered Level 10 of the Dungeon
 10661 | D:10     | Found an ancient bone altar of Kikubaaqudgha.
 10707 | D:10     | Received a gift from Okawaru
 10717 | D:10     | Reached skill level 5 in Invocations
 10726 | D:10     | Reached XP level 11. HP: 42/107 MP: 14/14
 11007 | D:10     | Noticed a three-headed hydra
 11015 | D:10     | Killed a three-headed hydra
 11088 | D:10     | Received a gift from Okawaru
 11176 | D:10     | Found an opulent altar of Gozag.
 11266 | D:10     | Noticed a two-headed ogre
 11275 | D:10     | Killed a two-headed ogre
 11299 | D:10     | Received a gift from Okawaru
 11554 | Lair:1   | Entered Level 1 of the Lair of Beasts
 11717 | Lair:1   | Noticed Gastronok
 11717 | Lair:1   | Noticed a four-headed hydra
 11751 | Lair:1   | Killed Gastronok
 11751 | Lair:1   | Received a gift from Okawaru
 11763 | Lair:1   | Killed a four-headed hydra
 11763 | Lair:1   | Received a gift from Okawaru
 11764 | Lair:1   | Got a smoking fustibalus {god gift}
 11770 | Lair:1   | Identified the +11 fustibalus of Giulaula {venom, *Contam Int+4 Stlth+} (Okawaru gifted it to you on level 1 of the Lair of Beasts)
 12039 | Lair:1   | Reached skill level 11 in Throwing
 12039 | Lair:1   | Reached XP level 12. HP: 101/123 MP: 17/17
 12522 | Lair:1   | Received a gift from Okawaru
 13146 | Lair:1   | Reached skill level 12 in Throwing
 13379 | Lair:2   | Found a hole to the Spider Nest.
 13822 | Lair:2   | Reached skill level 13 in Throwing
 14166 | Lair:3   | Reached ****** piety under Okawaru
 14362 | Lair:3   | Found a blossoming altar of Fedhas.
 14479 | Lair:3   | Found a staircase to the Swamp.
 14719 | Lair:4   | Received a gift from Okawaru
 14719 | Lair:4   | Reached skill level 14 in Throwing
 14835 | Lair:4   | Reached XP level 13. HP: 131/131 MP: 18/18
 15090 | Lair:4   | Reached skill level 15 in Throwing
 15693 | Lair:5   | Received a gift from Okawaru
 15784 | Lair:5   | Found a staircase to the Slime Pits.
 15859 | Lair:5   | Received a gift from Okawaru
 16204 | Lair:5   | Reached skill level 16 in Throwing
 16473 | Lair:6   | Entered Level 6 of the Lair of Beasts
 17061 | Lair:5   | Reached skill level 17 in Throwing
 17218 | Lair:6   | Reached XP level 14. HP: 120/140 MP: 19/19
 17327 | Lair:6   | Received a gift from Okawaru
 17721 | Lair:6   | Reached skill level 18 in Throwing
 17914 | Lair:6   | Mangled by a tyrant leech

Vault maps used:
D:1:      minmay_arrival_glassed_features
D:2:      nicolae_overflow_hidden_temple, first_bread, uniq_robin
D:3:      grunt_temple_overflow_order_and_chaos_2, marbit_many_paths,
          chequers_temple_overflow_statue_of_worship, portal_sewer_entry_a
D:4:      kennysheep_little_box, old_standard_altar,
          nicolae_temple_entry_ecumenical, uniq_duvessa
D:5:      kennysheep_mini_moat, vehumet_statue, okawaru_trees_2,
          uniq_crazy_yiuf_cottage, uniq_blork_the_orc, uniq_grinder
D:6:      lemuel_blue_sif_altar, kennysheep_boxes
D:7:      lemuel_crystal_altar
D:8:      ashenzari_altar_1, uniq_maurice
D:9:      nicolae_overflow_crystal_walls, david_lair_generic, uniq_joseph
D:10:     basic_altar, minmay_misc_feat_more_columns, hangedman_ranch,
          minmay_misc_feat_alley, lemuel_tele_altar
Lair:1:   lemuel_fruit_fields, uniq_gastronok
Lair:2:   spider_nest_entry_funnel_web, grunt_megastairs_2
Lair:3:   minmay_swamp_entry_reptiles, st_stairs_7, tgw_fedhas
Lair:4:   st_stairs_7, lemuel_fruit_fields, grunt_megastairs_5
Lair:5:   minmay_slime_entry_pillars, st_stairs_8, beast_lair_carwin_6
Lair:6:   minmay_lair_end_frog_pond, uniq_josephine
Sewer:    sewer_frog_island_01

Skill      XL: |  1  2  3  4  5  6  7  8  9 10 11 12 13 14 |
---------------+-------------------------------------------+-----
Throwing       | 5 6 7 8 9 10 11 14 17 18 | 18.1
Maces & Flails | 5 9 10 11 | 11.4
Fighting       | 6 9 |  9.3
Invocations    | 5 7 |  7.4
Dodging        | |  1.7
Stealth        | |  0.6

Action                   |  1- 3 |  4- 6 |  7- 9 | 10-12 | 13-15 || total
-------------------------+-------+-------+-------+-------+-------++-------
Melee: Short sword       |    76 |       |       |       |       ||    76
       Halberd           |       |   484 |       |       |       ||   484
       Trident           |       |     6 |     3 |       |       ||     9
       Flail             |       |       |   203 |   190 |       ||   393
 Fire: Hunting sling     |       |       |    22 |       |       ||    22
       Fustibalus        |       |       |       |   261 |   478 ||   739
Throw: Large rock        |    15 |    14 |    19 |       |       ||    48
       Stone             |    27 |    79 |   143 |   140 |       ||   389
       Throwing net      |       |     2 |       |     1 |       ||     3
       Tomahawk          |       |       |     5 |    18 |       ||    23
Invok: Heroism           |       |       |       |     4 |     3 ||     7
Evoke: Wand              |       |     7 |     6 |    16 |     5 ||    34
  Use: Scroll            |       |     8 |    14 |     9 |     4 ||    35
       Potion            |       |     6 |     1 |       |     2 ||     9
 Stab: Sleeping          |     1 |       |       |       |       ||     1
       Confused          |       |       |     1 |       |       ||     1
       Held in net/web   |       |       |       |     1 |       ||     1
  Eat: Chunk             |     1 |    12 |    14 |    18 |    10 ||    55
Armor: Robe              |    23 |       |       |       |       ||    23
       Pearl dragon scal |    29 |   489 |   160 |   156 |   220 ||  1054
       Skin              |       |       |    18 |       |     3 ||    21
Dodge: Dodged            |    39 |   269 |   102 |    96 |   130 ||   636
